 Dungeon Crawl Stone Soup version 0.19.1 (webtiles) character file.

84 endege the Sneak (level 4, 0/34 HPs)
             Began as a Demonspawn Assassin on Dec 15, 2016.
             Slain by a worm (4 damage)
             ... on level 2 of the Dungeon.
             The game lasted 00:20:12 (1796 turns).

endege the Sneak (Demonspawn Assassin)              Turns: 1796, Time: 00:20:13

Health: 0/34       AC:  7    Str: 10 (12) XL:     4   Next: 24%
Magic:  0/4        EV: 10    Int: 10 (12) God:
Gold:   57         SH:  0    Dex: 12 (15) Spells: 0 memorised, 3 levels left

rFire  . . .     SeeInvis +     a - +2 dagger
rCold  . . .     Gourm    .     y - +0 ring mail (curse)
rNeg   . . .     Faith    .     (no shield)
rPois  +         Spirit   +     (no helmet)
rElec  .         Reflect  .     d - +0 cloak
rCorr  .         Harm     .     h - +0 pair of gloves
MR     .....                    (no boots)
Stlth  ++........               u - amulet of guardian spirit
                                z - ring of poison resistance
                                t - ring of see invisible

@: no status effects
A: hooves 2
a: no special abilities


You were on level 2 of the Dungeon.
You were full.

You visited 1 branch of the dungeon, and saw 3 of its levels.

You collected 57 gold pieces.

Inventory:

Hand Weapons
 a - a +2 dagger (weapon)
 b - a +0 blowgun
 x - a +0 short sword of holy wrath
Missiles
 e - 8 poisoned needles
 f - 2 curare-tipped needles
 k - 55 arrows
 A - 23 bolts
 D - 8 needles of sleeping
Armour
 c - a +0 robe
 d - a +0 cloak (worn)
 h - a +0 pair of gloves (worn)
 n - a +0 leather armour
 q - a +0 robe
 y - a cursed +0 ring mail (worn)
Jewellery
 t - a ring of see invisible (left hand)
 u - an amulet of guardian spirit (around neck)
 z - a ring of poison resistance (right hand)
 B - an uncursed amulet of faith
 H - a -2 ring of intelligence
Wands
 E - a wand of acid (9/15)
Scrolls
 o - a scroll of immolation
 s - a scroll of amnesia
Comestibles
 g - 2 bread rations
 i - 2 chunks of flesh
 r - 2 meat rations
 G - a slice of pizza


   Skills:
 + Level 2.4 Fighting
 + Level 2.2 Short Blades
 - Level 2.0 Throwing
 * Level 2.2 Dodging
 + Level 4.3 Stealth


You had 3 spell levels left.
You didn't know any spells.

Dungeon Overview and Level Annotations

Branches:
Dungeon (3/15)

Altars:
Ru

Annotations:
D:3 feelmyfire's ghost, amateur DsCK


Innate Abilities, Weirdness & Mutations

You have hoof-like feet.


Message History

* * * LOW HITPOINT WARNING * * *
Feelmyfire's ghost screams, "You will never get the ORB!"
Feelmyfire's ghost closely misses you.
You climb upwards.
There is a stone staircase leading down here.
Okay, then.
You hit the worm. You kick the worm, but do no damage.
The worm is lightly wounded.
The worm closely misses you.
You hit the worm. You kick the worm, but do no damage.
The worm is moderately wounded.
You hit the worm. You kick the worm, but do no damage.
The worm is heavily wounded.
The worm barely misses you.
You hit the worm. You kick the worm.
The worm is severely wounded.
You hit the worm but do no damage.
The worm is severely wounded.
The worm bites you.
You die...

# ##....)........##
#...)...........#
#...............#
#...............#
#...............#
#...............#
#...............#
####.............##
##.....)......w@.##
##..########.######
...## #.# #### #.#
#.# #.# #####.####
##...#....##
##..........##


You could see a worm.

Vanquished Creatures
  2 adders (D:2)
  2 oozes (D:1)
  A worm (D:2)
  2 dart slugs
  2 leopard geckos
  A ball python (D:2)
  7 giant cockroaches
  2 goblins
  9 hobgoblins
  4 bats
  5 frilled lizards
  5 kobolds
  8 rats
50 creatures vanquished.

Notes
Turn   | Place    | Note
-------+----------+-------------------------------------------
     0 | D:1      | endege the Demonspawn Assassin began the quest for the Orb.
     0 | D:1      | Reached XP level 1. HP: 16/16 MP: 1/1
   131 | D:1      | Gained mutation: You have large cloven feet. [demonic ancestry]
   131 | D:1      | Reached XP level 2. HP: 21/22 MP: 2/2
   136 | D:1      | Reached skill level 4 in Stealth
   306 | D:1      | Reached skill level 1 in Dodging
   642 | D:1      | Gained mutation: You have hoof-like feet. [demonic ancestry]
   642 | D:1      | Reached XP level 3. HP: 26/27 MP: 3/3
  1178 | D:2      | Reached XP level 4. HP: 34/34 MP: 4/4
  1362 | D:2      | Found a sacrificial altar of Ru.
  1484 | D:3      | Noticed feelmyfire's ghost (amateur DsCK)
  1796 | D:2      | Slain by a worm

Skill      XL: |  1  2  3 |
---------------+----------+-----
Stealth        | 4 |  4.3
Throwing       | 2 |  2.0
Dodging        | 1 2 |  2.2
Short Blades   | 2 |  2.2
Fighting       | |  2.4

Action                   |  1- 3 |  4- 6 || total
-------------------------+-------+-------++-------
Melee: Dagger            |   126 |    47 ||   173
       Kick              |    24 |    15 ||    39
  Use: Potion            |       |     7 ||     7
       Scroll            |       |     5 ||     5
 Stab: Sleeping          |     8 |     2 ||    10
  Eat: Chunk             |     1 |     1 ||     2
       Meat ration       |       |     1 ||     1
Armor: Robe              |    46 |     6 ||    52
       Leather armour    |     1 |       ||     1
       Ring mail         |       |     4 ||     4
Dodge: Dodged            |    79 |    25 ||   104
